cohdb
Replays
Latest Replays
All Replays
Popular Replays
Top Player Replays
Match Explorer
How It Works
Community
CoH3 Stats
Reddit
Sign in to upload your games and track your stats! →
Sign in with Steam
Match 46070701
Unlisted
Match 46070701
Overview
Messages
Build Orders
End
Pioneer Squad
Construct Infanterie Kompanie
Selects Breakthrough Battlegroup
MG 42 Machine Gun Team
Grenadier Squad
GrW 34 Mortar Team
Construct Luftwaffe Kompanie
Selects Assault Grenadiers
Jäger Squad
Support Elements
MΛMISTΛKΣN™
Mesco
Esxile
Ober
0
0
Comments
sign in to comment!
No comments posted yet!